Map: Eternal Empire LE

Players

Ender - Winner!

  • Race: Terran Terran
  • League: Diamond
  • Spawn Location: 1:00

Kappadar

  • Race: Protoss Protoss
  • League: Diamond
  • Spawn Location: 7:00

VOD

Have the link to the VOD?

Description

Time

  • Played on: July 7, 2020, 7:19 p.m.
  • Length: 25:07
Show
View Real Time Build Order
Export as new Build Order

Ender Terran - Winner!

Build Orders: Reaper Expand 

Get SALT Encoding   

  12  0:01  SCV  
  13  0:13  SCV  
  14  0:18  Supply Depot  
  14  0:25  SCV  
  15  0:39  SCV  
  15  0:41  Barracks  
  16  0:44  Refinery  
  16  0:51  SCV  
  17  1:04  SCV  
  18  1:16  SCV  
  19  1:28  Reaper, Orbital Command  
  20  1:45  Command Center  
  20  1:54  SCV  
  20  1:59  Supply Depot  
  21  2:08  SCV  
  21  2:11  Refinery  
  21  2:12  Marine  
  23  2:23  Bunker  
  23  2:26  SCV  
  24  2:39  SCV  
  25  2:49  Marine  
  25  2:51  SCV  
  27  2:57  Orbital Command  
  27  3:03  SCV  
  28  3:06  Factory  
  28  3:08  Barracks  
  28  3:11  Barracks Tech Lab  
  28  3:15  SCV  
  29  3:29  SCV x2  
  29  3:31  Stimpack  
  29  3:32  Marauder  
  32  3:41  SCV x2  
  34  3:49  Starport  
  34  3:50  Factory Tech Lab  
  34  3:55  Barracks Reactor, SCV x2  
  35  4:02  Supply Depot  
  36  4:03  Supply Depot  
  36  4:07  SCV, Marauder  
  36  4:08  SCV  
  40  4:13  Siege Tank  
  43  4:19  SCV  
  43  4:20  SCV  
  45  4:28  Starport Reactor  
  45  4:32  SCV x2  
  45  4:35  Marauder, Marine x2  
  45  4:36  Supply Depot  
  45  4:37  Supply Depot  
  51  4:44  SCV x2  
  53  4:46  Refinery  
  53  4:47  Refinery  
  53  4:55  Marine x2, Siege Tank  
  53  4:57  Marauder  
  60  5:07  Medivac  
  60  5:10  Medivac  
  60  5:11  Command Center  
  60  5:13  SCV x2  
  66  5:15  Marine  
  66  5:17  Marine  
  68  5:26  SCV, Engineering Bay  
  68  5:27  SCV, Engineering Bay  
  70  5:35  Concussive Shells  
  70  5:49  Marine x2  
  74  5:50  Marauder  
  74  5:54  SCV  
  74  5:55  SCV  
  74  5:56  Missile Turret  
  76  6:02  Barracks  
  76  6:03  Missile Turret  
  76  6:04  Terran Infantry Weapons Level 1, Terran Infantry Armor Level 1  
  76  6:05  Missile Turret  
  76  6:07  Marine  
  77  6:11  Marine  
  78  6:23  Marauder  
  78  6:25  Marine  
  81  6:30  Supply Depot  
  81  6:31  Starport  
  80  6:43  Marine x2  
  80  6:45  Marauder  
  84  6:47  Orbital Command  
  84  6:50  Barracks  
  84  6:57  Supply Depot  
  84  6:58  Viking  
  84  7:00  Marine  
  84  7:01  Marine, Barracks Tech Lab  
  87  7:03  Supply Depot  
  87  7:05  Supply Depot  
  87  7:06  Marauder  
  90  7:18  Marine  
  81  7:28  Marine x2  
  81  7:29  Marauder  
  74  7:32  Viking, Orbital Command  
  74  7:35  Viking  
  74  7:36  Marine  
  79  7:38  Armory  
  79  7:47  Marauder  
  79  7:50  Marauder  
  83  7:51  Starport Reactor  
  83  7:52  Barracks Reactor  
  83  7:59  Combat Shield  
  83  8:00  Marine x2  
  83  8:05  Viking x2  
  87  8:07  SCV x2  
  87  8:08  SCV, Marauder  
  87  8:12  Marauder  
  96  8:18  Marine  
  96  8:19  SCV  
  99  8:20  SCV x2  
  99  8:24  Marine  
  99  8:25  Terran Infantry Armor Level 2, Terran Infantry Weapons Level 2  
  101  8:27  Viking  
  101  8:28  Viking  
  101  8:29  Marauder, Marine x2  
  101  8:32  SCV x2, Marine  
  112  8:34  Viking  
  112  8:36  Supply Depot x2, Marine  
  112  8:39  SCV  
  116  8:41  Marine  
  116  8:44  SCV x2, Medivac  
  116  8:47  Marine  
  116  8:48  Marine  
  123  8:51  SCV, Marauder x2  
  123  8:52  Terran Ship Weapons Level 1  
  128  8:56  SCV x2  
  128  8:57  Medivac, Refinery  
  128  8:58  Refinery  
  132  9:03  SCV  
  132  9:06  Missile Turret  
  132  9:07  Missile Turret  
  132  9:08  SCV  
  132  9:09  Ghost Academy  
  134  9:12  SCV, Marauder  
  134  9:15  SCV  
  138  9:20  SCV  
  138  9:21  Sensor Tower  
  138  9:24  SCV  
  140  9:26  Missile Turret  
  140  9:27  SCV, Missile Turret  
  141  9:32  SCV  
  141  9:33  Marine x4  
  141  9:36  SCV  
  141  9:37  Enhanced Shockwaves  
  151  9:47  Ghost  
  151  9:48  Ghost  
  151  10:07  Command Center  
  151  10:08  Viking  
  151  10:10  Viking  
  155  10:16  Ghost  
  155  10:19  Command Center  
  157  10:23  Ghost  
  157  10:26  Supply Depot  
  157  10:27  Supply Depot  
  159  10:28  Supply Depot  
  159  10:44  Ghost  
  159  10:46  Terran Ship Weapons Level 2  
  159  10:47  Terran Infantry Weapons Level 3  
  161  10:50  Terran Infantry Armor Level 3  
  161  10:52  Ghost  
  163  10:58  Personal Cloaking  
  163  10:59  Marine  
  163  11:00  Marine x3  
  167  11:13  Marine  
  167  11:14  Viking  
  167  11:15  Viking x2  
  167  11:17  Marine x2  
  176  11:38  Viking  
  178  11:44  Viking x2  
  178  11:46  Planetary Fortress  
  181  12:04  Unknown  
  181  12:12  Command Center  
  137  12:56  Marauder x2, Marine x4  
  137  12:57  Widow Mine  
  137  12:58  Viking x4  
  155  13:01  Barracks  
  151  13:12  Barracks  
  151  13:14  Marine x3  
  151  13:18  Marauder x2  
  151  13:19  Widow Mine  
  155  13:28  Viking x2, Medivac x2  
  155  13:31  Marine  
  155  13:32  Marine x3  
  167  13:39  Marauder x2  
  167  13:40  Widow Mine  
  165  13:52  SCV x2  
  167  14:00  Ghost, Marauder  
  168  14:21  Planetary Fortress, Ghost  
  170  14:27  Barracks Tech Lab x2  
  170  14:28  Ghost  
  172  14:37  Refinery  
  172  14:39  Fusion Core  
  172  14:40  Refinery  
  172  14:46  Planetary Fortress  
  172  14:50  Marauder  
  174  14:58  Marauder  
  176  15:02  SCV x4  
  176  15:03  SCV  
  181  15:11  Ghost  
  183  15:14  SCV x2  
  183  15:16  Terran Ship Weapons Level 3  
  183  15:17  Hi-Sec Auto Tracking, Neosteel Armor  
  183  15:18  Ghost  
  183  15:20  Marauder, Marine  
  190  15:21  Ghost  
  190  15:22  Marine  
  190  15:23  Marine x2  
  190  15:24  Refinery, Liberator  
  198  15:37  Marine  
  199  15:44  Missile Turret  
  199  15:45  Missile Turret  
  199  15:47  Refinery  
  199  15:49  Ghost  
  197  16:01  Marine x3  
  197  16:02  Marauder  
  156  17:36  Marine x2  
  156  17:37  Marauder x4, Marine x2  
  161  17:38  Liberator  
  161  17:39  Liberator x3  
  179  17:54  Marine x3  
  179  17:55  Marine  
  187  17:58  Marauder x3  
  187  17:59  Marauder  
  191  18:12  Marine x4  
  194  18:18  Starport x2  
  199  18:20  Marauder x2  
  199  18:22  Terran Vehicle And Ship Armor Level 1  
  199  18:23  Starport  
  199  18:30  Marine  
  199  19:24  Advanced Ballistics  
  168  20:07  Marine x4  
  168  20:08  Marauder x4  
  168  20:09  Starport Reactor x3  
  168  20:10  Liberator x4  
  161  20:25  Marine x4  
  161  20:27  Terran Vehicle And Ship Armor Level 2  
  165  20:29  Marauder x4  
  173  20:42  Marine  
  169  20:43  Marine x3  
  173  20:50  Marauder x2  
  173  20:51  Marauder  
  99  21:19  Marine x3  
  99  21:20  Marauder x4, Marine  
  99  21:21  Liberator x4  
  99  21:22  Liberator x5  
  138  21:35  Command Center  
  138  21:37  Marine x4  
  138  21:39  Command Center, Liberator  
  145  21:41  Marauder x2  
  145  21:42  Marauder x2  
  153  21:55  Marine x4  
  156  22:02  Marine  
  156  22:03  Marauder x3  
  156  22:04  Medivac, Liberator x3  
  156  22:05  Medivac x3  
  177  22:13  Marine x4  
  174  22:21  Marauder  
  167  22:24  Marauder x3  
  167  22:25  Liberator x3  
  174  22:30  Marine  
  174  22:31  Marine x3  
  174  22:34  Liberator x2  
  184  22:42  Marauder  
  185  22:45  Marauder, Marine  
  185  22:46  Marauder  
  185  22:48  Marine x2  
  185  22:49  Marine x2  
  175  23:03  Liberator x2  
  175  23:04  Marauder x2, Liberator x2  
  175  23:05  Orbital Command  
  187  23:06  Marine x3  
  187  23:07  Marauder x2, Marine  
  191  23:24  Marine x4  
  191  23:25  Marauder x2  
  197  23:46  Orbital Command  
  197  24:10  Supply Depot  
  197  24:12  Supply Depot  
  197  24:15  Supply Depot x2  
  197  24:29  Marine x2  
  196  24:31  Marine x4  
Show
View Real Time Build Order
Export as new Build Order

Kappadar Protoss 

Build Orders: 1 Gate Expand, Colossus Rush 

Get SALT Encoding   

  12  0:00  Probe  
  13  0:13  Probe  
  14  0:18  Pylon  
  14  0:25  Probe  
  15  0:34  Probe  
  15  0:36  Gateway  
  16  0:42  Probe  
  16  0:43  Assimilator  
  17  0:54  Probe  
  18  1:06  Probe  
  19  1:18  Probe  
  20  1:27  Nexus  
  20  1:38  Cybernetics Core  
  20  1:42  Probe  
  20  1:46  Assimilator  
  21  1:53  Pylon  
  21  1:56  Probe  
  22  2:04  Adept  
  21  2:12  Probe  
  21  2:15  Warp Gate  
  24  2:24  Probe  
  25  2:33  Robotics Facility  
  25  2:34  Stalker  
  25  2:36  Probe  
  27  2:54  Probe x2  
  29  3:04  Sentry  
  31  3:06  Probe x2  
  33  3:16  Gateway, Observer  
  33  3:17  Gateway  
  33  3:18  Probe  
  35  3:33  Probe  
  35  3:34  Probe  
  37  3:36  Observer  
  38  3:42  Assimilator  
  38  3:45  Probe, Assimilator  
  38  3:46  Probe  
  40  3:53  Pylon  
  40  3:57  Observer  
  40  3:58  Probe  
  42  4:07  Pylon  
  42  4:09  Probe  
  43  4:10  Probe  
  43  4:11  Robotics Bay  
  43  4:12  Pylon  
  44  4:17  Robotics Bay  
  44  4:21  Probe  
  44  4:22  Probe  
  46  4:31  Forge  
  46  4:33  Probe  
  46  4:34  Probe, Protoss Ground Weapons Level 1  
  48  4:42  Probe  
  48  4:43  Probe  
  48  4:50  Shield Battery  
  48  4:51  Probe x2  
  50  4:54  Pylon  
  50  4:57  Nexus  
  52  5:00  Probe  
  52  5:01  Probe, Extended Thermal Lance  
  52  5:03  Colossus  
  60  5:15  Probe  
  60  5:16  Probe  
  62  5:27  Probe  
  63  5:34  Probe  
  64  5:37  Observer  
  64  5:38  Gateway  
  64  5:40  Gateway  
  64  5:42  Gateway  
  64  5:44  Probe  
  65  5:50  Twilight Council, Colossus  
  65  5:53  Pylon  
  71  6:10  Probe x2  
  71  6:11  Pylon  
  73  6:14  Stalker x2  
  73  6:17  Stalker  
  79  6:30  Blink  
  77  6:34  Stalker  
  77  6:36  Protoss Ground Weapons Level 2  
  77  6:38  Stalker x4  
  87  7:01  Probe  
  87  7:05  Zealot, Assimilator  
  87  7:06  Zealot x5  
  92  7:27  Nexus  
  92  7:31  Probe x2  
  94  7:39  Shield Battery  
  94  7:40  Shield Battery  
  94  7:44  Assimilator  
  94  7:50  Pylon  
  94  7:53  Gateway  
  94  8:01  Templar Archives  
  94  8:04  Observer  
  94  8:06  Pylon  
  94  8:08  Probe x2, Colossus  
  102  8:18  Pylon  
  102  8:19  Pylon, Gateway  
  102  8:22  Pylon  
  102  8:24  Probe x2  
  102  8:26  Charge  
  104  8:36  Probe x2  
  104  8:38  Pylon  
  106  8:42  Psionic Storm  
  106  8:45  Zealot x2, Protoss Ground Weapons Level 3  
  106  8:48  Probe x2, Sentry  
  112  8:50  Nexus  
  114  8:59  Stalker x2  
  114  9:00  Probe x2  
  114  9:01  Probe  
  121  9:04  Assimilator  
  121  9:09  Observer  
  121  9:12  Probe x2  
  121  9:14  Probe  
  124  9:18  High Templar x2  
  128  9:25  Probe x2  
  130  9:41  High Templar  
  130  9:42  Disruptor, High Templar x2  
  130  9:45  Pylon, Archon  
  136  9:46  Photon Cannon  
  136  9:49  Probe x2  
  141  9:57  Stalker  
  143  10:00  Probe  
  143  10:01  Probe  
  143  10:03  Assimilator  
  143  10:04  Zealot x4  
  153  10:09  Assimilator  
  153  10:10  Pylon  
  153  10:12  Gateway  
  153  10:14  Gateway  
  153  10:16  Gateway  
  153  10:18  Pylon, Disruptor  
  153  10:20  Probe x2  
  153  10:21  Probe  
  159  10:26  Probe  
  160  10:30  Shield Battery  
  160  10:31  Shield Battery  
  160  10:33  Pylon  
  160  10:34  Photon Cannon  
  160  10:35  High Templar x2  
  160  10:36  High Templar  
  160  10:37  Zealot x4  
  160  10:38  Zealot  
  160  10:40  Probe x2  
  178  10:48  Probe  
  178  10:49  Probe  
  180  10:50  Disruptor  
  180  10:58  Forge  
  180  11:02  Nexus  
  183  11:13  Protoss Ground Armor Level 1  
  183  11:19  Pylon  
  183  11:22  Pylon  
  183  11:23  Pylon  
  183  11:24  Pylon  
  183  11:26  Probe x2  
  183  11:27  Unknown  
  185  11:37  Gravitic Drive  
  185  11:41  Zealot x6  
  185  11:44  Protoss Shields Level 1  
  197  12:00  Shield Battery  
  197  12:02  Shield Battery  
  197  12:27  Zealot  
  151  12:40  Zealot x10, Colossus  
  151  12:43  Archon  
  113  12:54  Zealot  
  107  13:01  Stalker x7  
  107  13:02  Stalker x3  
  123  13:16  Zealot  
  100  13:27  Stalker x7  
  100  13:28  Stalker x3  
  103  13:51  Zealot x7  
  103  13:52  High Templar x4  
  103  13:54  Protoss Ground Armor Level 2  
  103  13:55  Protoss Shields Level 2  
  125  13:56  Nexus  
  125  13:59  Pylon  
  125  14:00  Pylon  
  125  14:01  Disruptor  
  125  14:02  Assimilator  
  122  14:17  Nexus  
  116  14:25  Colossus, Assimilator  
  116  14:29  Probe x3  
  125  14:42  Pylon x2  
  125  14:46  Zealot x2, High Templar x2  
  125  14:47  Zealot x3  
  125  14:49  Probe  
  140  15:11  Robotics Facility, Disruptor  
  143  15:23  Zealot x5  
  152  15:39  Disruptor  
  152  15:40  Stalker  
  152  15:41  Stalker x5  
  153  16:10  Nexus  
  153  16:15  Disruptor  
  153  16:16  Disruptor  
  159  16:38  Nexus  
  159  16:39  Nexus  
  159  16:41  Pylon  
  159  16:43  Pylon  
  159  16:51  Disruptor  
  154  16:54  Stalker x5  
  154  16:59  Photon Cannon  
  142  17:13  Archon  
  142  17:14  Archon x2  
  136  17:15  Shield Battery, High Templar x2  
  136  17:16  High Templar x4  
  136  17:19  Shield Battery  
  136  17:22  Observer  
  139  17:27  Stalker x2  
  139  17:28  Stalker x2  
  124  17:33  Archon  
  124  17:37  Probe x3  
  126  17:48  Disruptor  
  126  17:52  Zealot  
  126  17:53  Zealot x6  
  143  18:04  Protoss Shields Level 3, Disruptor  
  146  18:11  Assimilator  
  146  18:15  Assimilator  
  146  18:17  Protoss Ground Armor Level 3  
  146  18:22  High Templar x4  
  154  18:40  Probe x2  
  156  18:46  Shield Battery  
  156  18:48  Shield Battery  
  156  18:54  Pylon  
  153  18:56  Stalker x5  
  163  19:06  Disruptor x2  
  163  19:15  Gravitic Boosters  
  168  19:24  Stalker x4  
  168  19:27  Probe x2  
  178  19:37  Archon x3  
  178  19:38  Archon  
  178  19:47  Zealot  
  178  19:48  Zealot x7  
  144  20:10  Zealot x8  
  154  20:15  Assimilator  
  154  20:19  Assimilator  
  154  20:31  Stalker x5  
  164  20:38  Disruptor  
  164  20:39  Disruptor  
  144  20:56  Stalker x6  
  126  21:14  Disruptor  
  115  21:21  Stalker x4, Zealot  
  115  21:22  Stalker x2  
  129  21:33  Probe x2  
  131  21:45  Zealot  
  131  21:46  Stalker x5  
  141  22:11  Zealot x6  
  141  22:12  Zealot x5  
  122  22:47  Stalker  
  122  22:48  Stalker x6  
  61  23:13  Stalker x7  
  54  23:48  High Templar x6  
  46  23:49  High Templar x4  
  44  24:39  High Templar x8  
  44  24:41  Archon  
  44  24:42  Archon  
  44  24:45  Archon x4  
  52  24:59  Archon x2  
Tags
 
Add a new tag
Caveats
  • Supply blocks, unpowered buildings, or Contaminate may cause inaccurate times.
  • Supply counts are checked every 10 seconds.